 Dungeon Crawl Stone Soup version 0.30.1-9-gdf580d7c3d (webtiles) character file.

Game seed: 2881271841977234766

1 7w4c the Charlatan (level 1, 0/15 HPs)
             Began as a Merfolk Artificer on Oct 18, 2023.
             Slain by a giant cockroach (2 damage)
             ... on level 1 of the Dungeon.
             The game lasted 00:00:28 (47 turns).

7w4c the Charlatan (Merfolk Artificer)                Turns: 47, Time: 00:00:28

Health: 0/15       AC:  3    Str: 12    XL:     1   Next: 20%
Magic:  1/1        EV: 12    Int: 10    God:
Gold:   0          SH:  0    Dex: 14    Spells: 0/0 levels left

rFire   . . .        a - +0 club
rCold   . . .        (no shield)
rNeg    . . .        b - +0 leather armour
rPois   .            (no helmet)
rElec   .            (no cloak)
rCorr   .            (no gloves)
SInv    .            (no boots)
Will    .....        (no amulet)
Stlth   +            (no ring)
HPRegen 0.22/turn    (no ring)
MPRegen 0.07/turn

%: no passive effects
@: no status effects
A: (nimble swimmer 2), mertail
a: no special abilities


You were on level 1 of the Dungeon.
You visited 1 branch of the dungeon, and saw 1 of its levels.

Inventory:

Hand Weapons
 a - a +0 club (weapon)
Missiles
 f - 5 stones
Armour
 b - a +0 leather armour (worn)
Wands
 c - a wand of flame (14) (quivered)
 d - a wand of charming (15)
 e - a wand of iceblast (5)


   Skills:
 + Level 1.1 Fighting
 + Level 0.6 Armour
 + Level 2.6 Dodging
 + Level 1.1 Stealth
 + Level 3.1 Evocations


You couldn't memorise any spells.
You didn't know any spells.
Your spell library was empty.

Dungeon Overview and Level Annotations

Branches:
Dungeon (1/15)

Altars:


Innate Abilities, Weirdness & Mutations

((You are very nimble when in or above water. (Stealth+, EV+, Speed+++)))
Your lower body shifts to a powerful aquatic tail in water.


Message History

Found 12 gold pieces.
The giant cockroach bites you.
You see here 5 stones.
f - 5 stones The giant cockroach bites you.
You closely miss the giant cockroach.
The giant cockroach bites you but does no damage. x2
You closely miss the giant cockroach. The giant cockroach misses you.
The ball python closely misses you. x2; The giant cockroach barely misses you.
You closely miss the giant cockroach. The ball python closely misses you.
The ball python barely misses you. The giant cockroach bites you.
You barely miss the giant cockroach. The ball python bites you.
The ball python barely misses you. The giant cockroach bites you.
The ball python misses you. The ball python grabs you.
The ball python constricts you. The giant cockroach closely misses you.
You closely miss the giant cockroach. The ball python barely misses you.
The ball python constricts you.
The giant cockroach bites you but does no damage.
You hit the giant cockroach.
The giant cockroach is heavily wounded.
The ball python closely misses you. The ball python constricts you.
* * * LOW HITPOINT WARNING * * *
The giant cockroach bites you.
* * * LOW HITPOINT WARNING * * *
The ball python barely misses you. The ball python constricts you.
The giant cockroach bites you but does no damage.
Aiming: Throw Flame
Press: ? - help, Q - select action, (/) - cycle Shift-Dir - straight line, f - ball python
Aim: a ball python (constricting you, 68% to hit)
The puff of flame hits the ball python!
You kill the ball python!
The giant cockroach bites you.
* * * LOW HITPOINT WARNING * * *
You closely miss the giant cockroach.
The giant cockroach is heavily wounded.
The giant cockroach bites you but does no damage.
You hit the giant cockroach but do no damage.
The giant cockroach is heavily wounded.
The giant cockroach bites you.
You die...

### #.~~~## #.##
..~~≈# . #..#
..~≈## #.
#..#####.~≈≈# ...
#..##.....~~#
$...###...#.~....~#
###
.$........†.#~....#
+.~
#.####.†#.#.#~~#..#
#.~
#.@B.#..~##..####.~
###......#~....#...
#...#........'..<
#.#...#.....['...
#...~~#......#...
#.#.#~~#.#.####.~
.. #.~#...# #.~
.#...#....# +.~
........~# ###


You could see a giant cockroach.

Vanquished Creatures
  A ball python (D:1)
  A frilled lizard (D:1)
2 creatures vanquished.

Notes
Turn   | Place    | Note
-------+----------+-------------------------------------------
     0 | D:1      | 7w4c the Merfolk Artificer began the quest for the Orb.
     0 | D:1      | Reached XP level 1. HP: 15/15 MP: 1/1
    47 | D:1      | Slain by a giant cockroach

Illustrated notes

Levels and vault maps discovered:
D:1:      denvon_arrival_waterhouse, layout_rooms, minmay_misc_feat_roman,
          minmay_misc_feat_enclosed

Action                     || total
---------------------------++-------
  Melee: Club              ||     9
  Evoke: Wand              ||     1
 Armour: Leather armour    ||     5
  Dodge: Dodged            ||    14
